 Dungeon Crawl Stone Soup version 0.29.1-15-g9cfb28693d (webtiles) character file.

Game seed: 13569902843481970969

110384 croobank the Unforgettable (level 16, -16/109 HPs)
             Began as a Demonspawn Fire Elementalist on Apr 11, 2023.
             Was the Champion of Hepliaklqana.
             Demolished by a wolf spider (23 damage)
             ... led by a jorogumo
             ... on level 2 of the Spider Nest.
             The game lasted 02:01:35 (37481 turns).

croobank the Unforgettable (DsFE)                  Turns: 37481, Time: 02:01:36

Health: -16/109    AC: 13    Str:  9    XL:     16   Next: 7%
Magic:  35/39      EV:  8    Int: 24    God:    Hepliaklqana [******]
Gold:   1669       SH:  0    Dex: 14    Spells: 15/35 levels left

rFire   + . .      SeeInvis .   a - +4 dagger (speed)
rCold   + . .      Faith    .   (no shield)
rNeg    . . .      Spirit   .   I - +4 steam dragon scales
rPois   +          Reflect  .   e - +2 hat
rElec   +          Harm     .   (no cloak)
rCorr   +          Rampage  .   c - +1 pair of gloves
Will    +....                   (no boots)
Stlth   ++++......              v - amulet of regeneration
HPRegen 1.08/turn               Z - ring of Tewneifa {rElec rPois rC+ MP+9}
MPRegen 0.26/turn               K - ring of protection from fire

@: lethally poisoned (-16 -> -27), corroded, held, slowed, very slow
A: reduced essence, hooves 2, yellow scales 3, condensation shield
a: Renounce Religion, Recall Ancestor, Ancestor Identity, Transference, Idealise


You were on level 2 of the Spider Nest.
You worshipped Hepliaklqana.
Hepliaklqana was exalted by your worship.
You visited 5 branches of the dungeon, and saw 25 of its levels.
You also visited: Bailey.

You collected 2875 gold pieces.
You spent 1206 gold pieces at shops.

Inventory:

Hand Weapons
 a - a +4 dagger of speed (weapon)
 b - the +1 shortbow "Meafir" {flame, Int+3 Stlth+}
   (You found it on level 5 of the Lair of Beasts)

   Any ammunition fired from it burns those it strikes, dealing additional fire
   damage.
   Int:       It affects your intelligence (+3).
   Stlth:     It makes you more stealthy.
 n - a +0 broad axe
 p - a +0 vorpal morningstar
 q - the +11 quarterstaff "Hapn" {speed, rCorr MP+9 Int-5 Dex+4}
   (You found it on level 1 of the Spider Nest)

   Attacks with this weapon are significantly faster.
   Int:       It affects your intelligence (-5).
   Dex:       It affects your dexterity (+4).
   MP:        It affects your magic capacity (+9).
   rCorr:     It protects you from acid and corrosion.
 w - a +2 antimagic mace
 E - a +7 flail of venom
 G - a +2 dagger of venom
 O - a +3 scimitar of flaming
Missiles
 F - 5 atropa-tipped darts (quivered)
Armour
 c - a +1 pair of gloves (worn)
 e - a +2 hat (worn)
 l - the +4 kite shield of Jet Ruci {Harm}
   (You took it off a vault guard on level 14 of the Dungeon)

   Harm:      It increases damage dealt and taken.
 y - a +0 troll leather armour
 B - the +0 ring mail of Circular Logic {rN+ Str+4}
   (You found it on level 1 of the Spider Nest)

   Str:       It affects your strength (+4).
   rN:        It protects you from negative energy.
 I - +4 steam dragon scales (worn)
Jewellery
 d - a +4 ring of slaying
 i - a ring of flight
 o - the ring of Cudomop {AC+4 Dex+4}
   (You found it on level 13 of the Dungeon)

   [ring of protection]

   AC:        It affects your AC (+4).
   Dex:       It affects your dexterity (+4).
 t - a ring of see invisible
 v - an amulet of regeneration (around neck)
 K - a ring of protection from fire (right hand)
 V - a ring of fire
 Y - an amulet of reflection
 Z - the ring of Tewneifa (left hand) {rElec rPois rC+ MP+9}
   (You found it on level 5 of the Lair of Beasts)

   [ring of magical power]

   rC:        It protects you from cold.
   rElec:     It insulates you from electricity.
   rPois:     It protects you from poison.
   MP:        It affects your magic capacity (+9).
Wands
 h - a wand of mindburst (9)
 r - a wand of iceblast (30)
 J - a wand of acid (5)
 L - a wand of flame (26)
 P - a wand of paralysis (7)
 R - a wand of digging (3)
Scrolls
 j - 6 scrolls of enchant weapon
 m - 2 scrolls of fear
 u - 3 scrolls of fog
 A - 6 scrolls of teleportation
 N - 3 scrolls of vulnerability
 Q - 6 scrolls of magic mapping
 U - 2 scrolls of poison
Potions
 f - 2 potions of attraction
 g - 5 potions of haste
 k - 3 potions of brilliance
 s - a potion of cancellation
 x - 3 potions of might
 z - 3 potions of mutation
 C - 3 potions of resistance
 D - 2 potions of ambrosia
 M - 5 potions of lignification
 T - 2 potions of curing
 W - a potion of invisibility
Miscellaneous
 H - a tin of tremorstones (2/2)
 S - a condenser vane


   Skills:
 + Level 10.2 Fighting
 + Level 9.6 Dodging
 + Level 10.5 Stealth
 * Level 10.0 Spellcasting
 + Level 10.3 Conjurations
 - Level 5.9 Hexes
 * Level 9.8 Summonings
 - Level 5.3 Translocations
 + Level 10.0 Fire Magic
 + Level 1.4 Air Magic
 + Level 12.6 Invocations


You had 15 spell levels left.
You knew the following spells:

 Your Spells              Type           Power      Damage    Failure   Level
a - Foxfire               Conj/Fire      100%       2x1d9     1%          1
b - Scorch                Fire           100%       2d10      1%          2
c - Iskenderun's Mystic   Conj/Tloc      49%        2d11      2%          4
d - Summon Guardian Gole  Hex/Summ       49%        N/A       1%          3
e - Spellforged Servitor  Conj/Summ      28%        N/A       56%         7
f - Swiftness             Air            19%        N/A       9%          3

Your spell library contained the following spells:

 Spells                   Type           Power      Damage    Failure   Level
 Magic Dart               Conj           100%       1d8       1%          1
 Shock                    Conj/Air       100%       1d9       1%          1
 Call Imp                 Summ           56%        N/A       1%          2
 Conjure Flame            Conj/Fire      57%        6-21      1%          3
 Dazzling Flash           Conj/Hex       100%       N/A       1%          3
 Gell's Gravitas          Tloc           37%        N/A       1%          3
 Inner Flame              Hex/Fire       50%        N/A       1%          3
 Teleport Other           Tloc           37%        N/A       1%          3
 Flame Wave               Conj/Fire      57%        2d14      1%          4
 Ensorcelled Hibernation  Hex/Ice        52%        N/A       2%          2
 Mephitic Cloud           Conj/Pois/Air  30%        N/A       3%          3
 Passage of Golubria      Tloc           37%        N/A       6%          4
 Passwall                 Tmut/Erth      10%        N/A       8%          2
 Starburst                Conj/Fire      28%        6d9       12%         6
 Airstrike                Air            9%         2d(2-18)  28%         4
 Silence                  Hex/Air        14%        N/A       32%         5
 Metabolic Englaciation   Hex/Ice        13%        N/A       41%         5
 Animate Dead             Necr           12%        N/A       45%         4
 Petrify                  Tmut/Erth      12%        N/A       45%         4
 Orb of Destruction       Conj           28%        9d9       54%         7
 Dispersal                Tloc           18%        N/A       65%         6
 Statue Form              Tmut/Erth      8%         N/A       100%        6
 Lehudib's Crystal Spear  Conj/Erth      18%        10d5      100%        8
 Necromutation            Tmut/Necr      6%         N/A       100%        8


Dungeon Overview and Level Annotations

Branches:
Dungeon (15/15)            Temple (1/1) D:4            Lair (5/5) D:10
  Swamp (0/4) Lair:2       Spider (2/4) Lair:2        Slime (0/5) Lair:5
    Orc (2/2) D:10            Elf (0/3) Orc:2        Vaults (0/5) D:14
 Depths (0/4) D:15         Bailey (visited)

Altars:
Ashenzari
Cheibriados
Dithmenos
Fedhas
Gozag
Hepliaklqana
Kikubaaqudgha
Makhleb
Nemelex Xobeh
Okawaru
Qazlal
Ru
Sif Muna
Trog
Uskayaw
Vehumet
Wu Jian
Xom
Yredelemnul

Shops:
D:8 *   D:11 (   Orc:2 *?**

Portals:
Trove: D:10 (give +6 mace of vorpality)

Annotations:
D:10 1 runed translucent door


Innate Abilities, Weirdness & Mutations

Your life essence is reduced to manifest your ancestor. (-10% HP)
You have hoof-like feet.
You are completely covered in yellow scales. (AC +4, rCorr)
A meltable shield of frost defends you. (SH +4)


Message History

You erupt in a blast of force!
The mystic blast hits the entropy weaver!
The entropy weaver is moderately wounded.
The entropy weaver is knocked back by the mystic blast.
The entropy weaver slams into the rock wall!
The entropy weaver is moderately wounded.
The mystic blast hits the torpor snail.
The torpor snail is lightly wounded.
The torpor snail is knocked back by the mystic blast.
The torpor snail slams into the rock wall!
The torpor snail is lightly wounded.
The mystic blast hits the redback.
The redback is lightly wounded.
The redback is knocked back by the mystic blast.
The redback collides with the torpor snail!
The torpor snail is lightly wounded.
The redback is moderately wounded.
The mystic blast hits the redback!
The redback is moderately wounded.
The redback is knocked back by the mystic blast.
The redback collides with the moth of wrath!
The moth of wrath is lightly wounded.
The redback is moderately wounded.
The mystic blast hits the tarantella!
The tarantella is almost dead.
The tarantella is knocked back by the mystic blast.
The tarantella slams into the rock wall!
The tarantella is almost dead.
You feel extremely sick. The tarantella barely misses you.
The redback bites you!
* * * LOW HITPOINT WARNING * * *
The tarantella touches you!
* * * LOW HITPOINT WARNING * * *
The redback closely misses you. x2
The moth of wrath goads the wolf spider on!
The wolf spider goes berserk!
The jorogumo casts a spell at you.
The stream of webbing hits you but does no damage.
You are caught in a web!
The wolf spider hits you!!
You die...

.....# .....###
...### #....#.###
....# ......#.##
...## #..H##..#
....######.......#
....#..##.......#
................##
........?>.#.<...##
..........###.†s@.##
.......#.##.##Bsss.#
##....####..#†y.w.##
##..## #......s.##
####..##....†.##
...#...!..##
.........###
........##.###
..?.....#....##


You could see a jorogumo, an entropy weaver, a torpor snail (berserk), a wolf
spider (berserk), a moth of wrath, an orb spider (charged), a tarantella
(berserk) and 2 redbacks.

Vanquished Creatures
  Nessos (Orc:2)
  3 boulder beetles
  A hydra (Lair:4)
  5 vault guards (D:14)
  2 nameless horrors
  An ogre mage (Orc:2)
  A death yak (Lair:5)
  2 centaur warriors
  A tengu warrior (D:13)
  9 two-headed ogres
  An orc high priest (D:10)
  3 skeletal warriors (D:15)
  A sun moth (Lair:2)
  2 deep trolls (Orc:2)
  An orb spider (Spider:2)
  A necromancer (D:15)
  An orc knight (Orc:1)
  An orc sorcerer (Orc:1)
  An ugly thing (D:12)
  3 wolf spiders
  3 cyclopes
  2 manticores
  An oklob plant (Lair:5)
  A guardian serpent (D:12)
  10 elephants
  2 black mambas
  A frost giant skeleton (D:15)
  4 cane toads
  A rime drake (Lair:5)
  A kobold demonologist (D:14)
  2 komodo dragons (Lair:5)
  An efreet (D:15)
  3 demonic crawlers
  10 trolls
  7 polar bears
  3 slime creatures (D:12)
  16 blink frogs
  5 tarantellas (Spider:1)
  4 dream sheep
  A raiju (Lair:5)
  6 jumping spiders
  A shadow (D:8)
  A vampire (D:12)
  A wraith (D:13)
  5 culicivoras
  14 yaks
  A wyvern (Lair:4)
  3 basilisks
  2 steam dragons
  4 humans (D:14)
  13 redbacks
  Edmund (D:6)
  4 vampire mosquitoes
  2 wargs
  4 hell hounds (Lair:5)
  An acid dragon (D:10)
  7 water moccasins
  13 orc warriors
  2 ice beasts
  16 ogres
  3 black bears
  9 wolves
  2 centaurs
  A phantom (D:7)
  2 kobold brigands
  4 bullfrogs
  A necrophage (D:5)
  2 scorpions (D:5)
  3 wights (D:7)
  6 killer bees
  9 howler monkeys
  An electric eel (Spider:1)
  9 orc priests
  A gnoll bouda (D:5)
  8 hounds
  Crazy Yiuf (D:7)
  Jessica (D:2)
  3 iguanas
  19 orc wizards
  A mummy (D:6)
  3 gnolls
  7 adders
  2 worms
  3 dart slugs
  50 orcs
  9 bats
  8 endoplasms
  3 giant cockroaches
  14 goblins
  8 hobgoblins
  5 quokkas
  2 training dummies (D:11)
  15 ball pythons
  3 frilled lizards
  2 hobgoblin zombies (D:6)
  10 kobolds
  2 orc zombies (D:6)
  4 rats
456 creatures vanquished.

Vanquished Creatures (collateral kills)
  Gastronok (Orc:1)
  Snorg (Lair:5)
  An ogre mage (Orc:2)
  2 vault guards (D:14)
  3 hydras
  2 two-headed ogres (Orc:2)
  A centaur warrior (D:15)
  2 death yaks (Lair:5)
  2 tengu warriors
  2 pharaoh ants (Spider:1)
  A skeletal warrior (D:15)
  An orb spider (Spider:2)
  An orc knight (Orc:1)
  A nameless horror (D:15)
  A manticore (D:15)
  An oklob plant (Lair:5)
  2 cyclopes
  7 ugly things
  A stone giant skeleton (D:15)
  13 elephants
  4 black mambas
  A gargoyle (D:13)
  3 cane toads
  An unseen horror (D:12)
  4 rime drakes
  5 komodo dragons
  An efreet (D:14)
  3 polar bears (Lair:5)
  7 blink frogs
  6 tarantellas (Spider:1)
  5 trolls
  2 slime creatures (D:12)
  5 dream sheep
  2 ettin zombies (D:15)
  6 jumping spiders (Spider:1)
  2 wyverns
  8 yaks
  4 culicivoras
  A hog (Lair:3)
  A wraith (D:8)
  9 redbacks
  A vampire mosquito (Lair:2)
  A basilisk (Lair:5)
  A steam dragon (D:8)
  12 hell hounds (Lair:5)
  3 water moccasins
  2 wargs (Lair:5)
  10 orc warriors
  A sky beast (D:8)
  7 black bears (Lair:5)
  4 ogres
  12 wolves
  A centaur (D:15)
  A kobold brigand (D:8)
  2 bullfrogs
  A scorpion (Orc:1)
  3 killer bees (D:8)
  2 howler monkeys (D:13)
  4 orc priests
  2 iguanas (Orc:1)
  6 orc wizards
  19 orcs
  2 goblins (D:10)
  A training dummy (D:11)
  2 kobolds (D:8)
  33 foxfires
259 creatures vanquished.

Vanquished Creatures (others)
  Rupert (D:13)
  Kirke (Lair:3)
  A dire elephant (Lair:5)
  A hydra (Lair:5)
  Harold (D:11)
  A jorogumo (Spider:1)
  A tengu warrior (D:15)
  A vampire mage (D:15)
  2 skeletal warriors (D:15)
  A lindwurm (Lair:5)
  2 deep elf zephyrmancers (D:13)
  A manticore (D:14)
  A wolf spider (Spider:1)
  A moth of wrath (Lair:2)
  An elephant (Lair:4)
  A rime drake (Lair:5)
  3 polar bears (Lair:5)
  A culicivora (Spider:1)
  Grum (D:11)
  A human (D:14)
  2 yaks (Lair:4)
  2 wargs
  2 orc warriors (Orc:1)
  2 black bears (Lair:5)
  An ogre (Orc:1)
  2 centaurs (D:15)
  An orc priest (D:11)
  32 battlemagi
  An ancestor (D:8)
  3 orcs (Orc:1)
  1863 foxfires
  32 fungi
  45 plants
2012 creatures vanquished.

Grand Total: 2727 creatures vanquished

Notes
Turn   | Place    | Note
-------+----------+-------------------------------------------
     0 | D:1      | croobank the Demonspawn Fire Elementalist began the quest
                  | for the Orb.
     0 | D:1      | Reached XP level 1. HP: 13/13 MP: 3/3
    95 | D:1      | Found a faded altar of an unknown god.
   199 | D:1      | Gained mutation: A meltable shield of frost defends you.
                  | (SH +4) [demonic ancestry]
   199 | D:1      | Reached XP level 2. HP: 20/20 MP: 3/5
   204 | D:1      | Learned a level 2 spell: Scorch
  1154 | D:1      | Reached skill level 1 in Fighting
  1383 | D:2      | Reached XP level 3. HP: 26/26 MP: 2/6
  2041 | D:2      | Reached XP level 4. HP: 32/32 MP: 3/7
  2315 | D:2      | Noticed Jessica
  2319 | D:2      | Killed Jessica
  2888 | D:3      | Found a hide-covered altar of Uskayaw.
  3084 | D:3      | Found a shadowy altar of Dithmenos.
  3803 | D:4      | Found a staircase to the Ecumenical Temple.
  3816 | D:4      | Reached XP level 5. HP: 19/38 MP: 1/8
  3968 | Temple   | Entered the Ecumenical Temple
  4528 | D:4      | Identified the +2 chain mail of Waibeockel {rC+++ rN+ rCorr
                  | Dex-3}
  4733 | D:5      | Entered Level 5 of the Dungeon
  4752 | D:5      | Gained mutation: You are partially covered in yellow
                  | scales. (AC +2) [demonic ancestry]
  4752 | D:5      | Reached XP level 6. HP: 44/44 MP: 3/10
  4825 | D:5      | Noticed an ice beast
  4832 | D:5      | Killed an ice beast
  5134 | D:5      | Gained mutation: You have large cloven feet. [demonic
                  | ancestry]
  5134 | D:5      | Reached XP level 7. HP: 51/51 MP: 6/12
  5318 | D:5      | Found a sacrificial altar of Ru.
  6798 | D:6      | Found a hazy altar of Hepliaklqana.
  6804 | D:6      | Became a worshipper of Hepliaklqana the Forgotten
  6972 | D:6      | Noticed Edmund
  7000 | D:6      | Killed Edmund
  7001 | D:6      | Reached skill level 1 in Invocations
  8150 | D:6      | Reached XP level 8. HP: 58/58 MP: 6/13
  8604 | D:6      | Reached skill level 2 in Invocations
  9246 | D:7      | Reached * piety under Hepliaklqana
  9400 | D:7      | Found a large runed translucent door.
  9401 | D:7      | Found a large runed translucent door.
  9401 | D:7      | Found a shimmering altar of Xom.
  9544 | D:7      | Found a shimmering altar of Xom.
  9546 | D:7      | Found a broken altar of Ashenzari.
  9563 | D:7      | Reached skill level 3 in Invocations
 10070 | D:7      | Reached XP level 9. HP: 59/59 MP: 6/15
 10155 | D:7      | Reached skill level 5 in Fire Magic
 10375 | D:7      | Found a runed translucent door.
 10376 | D:7      | Noticed Crazy Yiuf
 10384 | D:7      | Killed Crazy Yiuf
 10510 | D:8      | Reached skill level 5 in Stealth
 10510 | D:8      | Reached skill level 4 in Invocations
 10657 | D:8      | Reached skill level 5 in Conjurations
 10690 | D:8      | Reached ** piety under Hepliaklqana
 10691 | D:8      | Remembered your ancestor Manelesi as a battlemage
 10700 | D:8      | Reached skill level 5 in Spellcasting
 10710 | D:8      | Reached skill level 5 in Fighting
 10712 | D:8      | Reached skill level 5 in Dodging
 10819 | D:8      | Found a snail-covered altar of Cheibriados.
 10846 | D:8      | Reached skill level 5 in Invocations
 11236 | D:8      | Found an iron altar of Okawaru.
 11248 | D:8      | Found an opulent altar of Gozag.
 11249 | D:8      | Found Gozag's Platinum Reserve.
 11327 | D:8      | Found an ancient bone altar of Kikubaaqudgha.
 11337 | D:8      | Gained mutation: You have hoof-like feet. [demonic
                  | ancestry]
 11337 | D:8      | Reached XP level 10. HP: 60/66 MP: 11/18
 11959 | D:9      | Found a radiant altar of Vehumet.
 12236 | D:9      | Reached *** piety under Hepliaklqana
 12243 | D:9      | Noticed a two-headed ogre
 12282 | D:9      | Reached skill level 6 in Invocations
 12698 | D:9      | Killed a two-headed ogre
 13210 | D:10     | Entered Level 10 of the Dungeon
 13240 | D:10     | Found a staircase to the Lair.
 13325 | D:10     | Found a portal to a secret trove of treasure.
 13374 | D:10     | Found a flagged portal.
 13375 | D:10     | Found a staircase to the Orcish Mines.
 13411 | Bailey   | Entered a bailey
 14324 | D:10     | Reached skill level 7 in Invocations
 14575 | D:10     | Found a runed translucent door.
 14578 | D:10     | Noticed a boulder beetle
 14582 | D:10     | Noticed a two-headed ogre
 14766 | Orc:1    | Entered Level 1 of the Orcish Mines
 14766 | Orc:1    | Noticed an orc high priest
 14766 | Orc:1    | Noticed an orc sorcerer
 14769 | Orc:1    | Noticed a smoke demon
 14769 | Orc:1    | Noticed a sixfirhy
 15042 | D:11     | Noticed a boulder beetle
 15294 | Lair:1   | Entered Level 1 of the Lair of Beasts
 15395 | Lair:1   | Noticed a cane toad
 15593 | Lair:1   | Reached XP level 11. HP: 74/74 MP: 13/20
 15886 | Lair:1   | Got the Omnibus of Despicable Magic and Fire
 15919 | Lair:1   | Noticed a six-headed hydra
 15923 | Lair:1   | Killed a six-headed hydra
 16468 | Lair:1   | Reached skill level 8 in Invocations
 16805 | Lair:2   | Reached **** piety under Hepliaklqana
 16948 | Lair:2   | Noticed a boulder beetle
 16966 | Lair:2   | Killed a boulder beetle
 17222 | Lair:2   | Found a hole to the Spider Nest.
 17463 | Lair:2   | Gained mutation: You are mostly covered in yellow scales.
                  | (AC +3) [demonic ancestry]
 17463 | Lair:2   | Reached XP level 12. HP: 81/81 MP: 3/22
 17690 | Lair:2   | Reached skill level 9 in Invocations
 17722 | Lair:2   | Learned a level 4 spell: Iskenderun's Mystic Blast
 17726 | Lair:2   | Learned a level 3 spell: Summon Guardian Golem
 17957 | Lair:2   | Found a staircase to the Swamp.
 18020 | Lair:2   | Reached skill level 1 in Summonings
 18024 | Lair:2   | Reached skill level 1 in Hexes
 18400 | Lair:3   | Reached skill level 1 in Translocations
 18548 | Lair:3   | Noticed Kirke
 18557 | Lair:3   | Killed Kirke
 18985 | Lair:3   | Reached ***** piety under Hepliaklqana
 20048 | Lair:4   | Noticed a six-headed hydra
 20055 | Lair:4   | Killed a six-headed hydra
 20065 | Lair:4   | Gained mutation: You are completely covered in yellow
                  | scales. (AC +4, rCorr) [demonic ancestry]
 20065 | Lair:4   | Reached XP level 13. HP: 88/88 MP: 3/24
 21283 | Lair:5   | Entered Level 5 of the Lair of Beasts
 21328 | Lair:5   | Found a staircase to the Slime Pits.
 21636 | Lair:5   | Reached skill level 10 in Invocations
 21789 | Lair:5   | Identified the ring of Tewneifa {rElec rPois rC+ MP+9}
 22344 | Lair:5   | Noticed Snorg
 22634 | Lair:5   | Killed Snorg
 22635 | Lair:5   | Reached skill level 5 in Hexes
 22635 | Lair:5   | Reached skill level 5 in Summonings
 23702 | Lair:5   | Reached skill level 5 in Translocations
 24310 | Lair:5   | Reached XP level 14. HP: 87/95 MP: 16/26
 24561 | Lair:5   | Identified the +1 shortbow "Meafir" {flame, Int+3 Stlth+}
 24689 | Lair:5   | Learned a level 7 spell: Spellforged Servitor
 25407 | D:11     | Noticed Harold
 25413 | D:11     | Killed Harold
 25539 | D:11     | Found Pataom's Firing Range.
 25573 | D:11     | Bought a throwing net for 42 gold pieces
 25737 | D:11     | Noticed Grum
 25745 | D:11     | Killed Grum
 25864 | D:11     | Reached ****** piety under Hepliaklqana
 27519 | D:13     | Reached skill level 11 in Invocations
 27988 | D:13     | Noticed Rupert
 28029 | D:13     | Killed Rupert
 28369 | D:13     | Identified the ring of Cudomop {AC+4 Dex+4}
 29029 | Orc:2    | Entered Level 2 of the Orcish Mines
 29203 | Orc:2    | Found a staircase to the Elven Halls.
 29352 | Orc:2    | Noticed Nessos
 29361 | Orc:2    | Killed Nessos
 29473 | Orc:2    | Found Kopress's General Store.
 29489 | Orc:1    | Noticed Gastronok
 29749 | Orc:1    | Killed Gastronok
 29765 | Orc:1    | Found a bloodstained altar of Trog.
 30047 | Orc:2    | Reached XP level 15. HP: 47/102 MP: 28/28
 30298 | Orc:2    | Found Pikhly's Magic Scroll Emporium.
 30423 | Orc:2    | Found Pismerghe's Assorted Antiques.
 30433 | Orc:2    | Found Unudicoono's Assorted Antiques.
 30667 | Orc:2    | Bought a scroll of enchant armour for 240 gold pieces
 30667 | Orc:2    | Bought a potion of haste for 320 gold pieces
 30667 | Orc:2    | Bought a scroll of teleportation for 96 gold pieces
 30672 | Orc:2    | Bought a glowing copper ring for 185 gold pieces
 30672 | Orc:2    | Bought an agate ring for 185 gold pieces
 30686 | Orc:2    | Bought a scroll of enchant armour for 90 gold pieces
 30686 | Orc:2    | Bought a scroll of immolation for 48 gold pieces
 31261 | D:14     | Reached skill level 10 in Stealth
 31512 | D:14     | Reached skill level 12 in Invocations
 31536 | D:14     | Identified the +4 kite shield of Jet Ruci {Harm}
 32574 | D:14     | Found a gate to the Vaults.
 32733 | D:15     | Entered Level 15 of the Dungeon
 33166 | D:15     | Found a staircase to the Depths.
 33237 | D:15     | Reached skill level 10 in Conjurations
 33522 | D:15     | Found an ornate altar of the Wu Jian Council.
 34566 | Spider:1 | Entered Level 1 of the Spider Nest
 34730 | Lair:2   | Learned a level 3 spell: Swiftness
 34740 | Lair:2   | Reached skill level 10 in Fighting
 34935 | Spider:1 | Identified the +0 ring mail of Circular Logic {rN+ Str+4}
 35749 | Spider:1 | Reached skill level 1 in Air Magic
 35975 | Lair:2   | HP: 2/103 [sun moth (20)]
 36769 | Spider:1 | Reached skill level 10 in Fire Magic
 36776 | Spider:1 | Reached XP level 16. HP: 109/109 MP: 14/29
 36797 | Spider:1 | Identified the +11 quarterstaff "Hapn" {speed, rCorr MP+9
                  | Int-5 Dex+4}
 37395 | Spider:2 | Reached skill level 10 in Spellcasting
 37481 | Spider:2 | Demolished by a wolf spider

Illustrated notes

Levels and vault maps discovered:
D:1:      enne_arrival_octagon_isle, layout_basic,
          nicolae_ecumenical_snake_handling
D:2:      layout_loops_ring, fountainhead, kennysheep_generic_room_8,
          uniq_jessica
D:3:      layout_loops_cross, eat_drink_and_be_merry_uskayaw,
          nicolae_dithmenos_shadow_blocks
D:4:      layout_basic, minmay_temple_entry_offerings, minmay_goblin_outpost
D:5:      layout_layer_cave, mainiacjoe_overflow_small_starburst,
          nicolae_overflow_hidden_temple
D:6:      layout_loops_corners, nicolae_hepliaklqana_hippocampus,
          minmay_mini_ossuary, uniq_edmund
D:7:      due_chaos_kobolds, layout_basic, mainiacjoe_overflow_catwalk_spiral,
          uniq_crazy_yiuf_cottage
D:8:      layout_loops_ring, nicolae_overflow_crystal_walls,
          mainiacjoe_overflow_concentric_impassable,
          nicolae_kikubaaqudgha_miasma_corner, lemuel_tele_altar,
          nicolae_gozag_zags_fifth_avenue, overflow_temple_1_default
D:9:      layout_cross, mainiacjoe_overflow_24_doors
D:10:     layout_loops_ring, erik_lair_island, david_orc_3,
          nicolae_trove_entry_isolated, enter_bailey_3, minmay_st_funbox
D:11:     layout_gridville, nicolae_shop_firing_range, uniq_grum, uniq_harold
D:12:     layout_gridville, nrook_guardian_serpent_double
D:13:     layout_loops_ring, billiards_dpeg, uniq_rupert
D:14:     layout_irregular_city, ximxim_vaults_locker_room, hex_medium
D:15:     gammafunk_depths_entry_grave, layout_irregular_city,
          nicolae_wu_jian_wuxing_cycle
Temple:   hellmonk_temple_micro_hex
Lair:1:   layout_roguey
Lair:2:   layout_cave_shapes, minmay_swamp_entry_swarm, spider_nest_entry_a
Lair:3:   layout_regular_city, uniq_kirke
Lair:4:   layout_cave_pods
Lair:5:   hangedman_lair_in_review, layout_cave_pods,
          hangedman_lair_caniforms_friends, minmay_slime_entry_oklob_open,
          chequers_serial_rivers_small_a, grunt_forest_small_clearing_treed,
          uniq_snorg
Spider:1: layout_spider_delve
Spider:2: layout_spider_delve, nicolae_spider_orb_run, uniq_asterion
Orc:1:    layout_diamond_mine, serial_shops, trog_butcher_becter, uniq_gastronok
Orc:2:    st_orc_open, layout_caves, uniq_nessos

Skill      XL: |  1  2  3  4  5  6  7  8  9 10 11 12 13 14 15 16 |
---------------+-------------------------------------------------+-----
Stealth        | 2 3 4 5 6 7 8 9 10 | 10.5
Dodging        | 2 3 4 5 6 7 8 9 |  9.6
Fighting       | 1 2 3 4 5 6 7 8 9 10 | 10.2
Fire Magic     | 3 4 5 6 7 8 9 10 | 10.0
Conjurations   | 2 3 4 5 6 7 8 9 10 | 10.3
Spellcasting   | 3 4 5 6 7 8 9 10 | 10.0
Invocations    | 1 3 5 7 8 9 10 11 12 | 12.6
Summonings     | 3 5 8 9 |  9.8
Hexes          | 3 5 |  5.9
Translocations | 3 5 |  5.3
Air Magic      | 1 |  1.4

Action                   |  1- 3 |  4- 6 |  7- 9 | 10-12 | 13-15 | 16-18 || total
-------------------------+-------+-------+-------+-------+-------+-------++-------
Melee: Dagger            |    11 |    19 |    99 |   128 |    94 |     1 ||   352
       Kick              |       |       |    32 |    71 |    47 |       ||   150
       Punch             |       |       |     2 |     1 |     3 |       ||     6
 Fire: Shortbow          |       |       |       |       |    92 |       ||    92
Throw: Throwing net      |       |       |       |       |     7 |       ||     7
       Dart              |       |       |       |       |     1 |       ||     1
 Cast: Foxfire           |    64 |    52 |    64 |   302 |   597 |    18 ||  1097
       Scorch            |     6 |    34 |   118 |   156 |   344 |    13 ||   671
       Summon Guardian G |       |       |       |     7 |    97 |     1 ||   105
       Iskenderun's Myst |       |       |       |     1 |    30 |     1 ||    32
       Swiftness         |       |       |       |       |     3 |       ||     3
       Spellforged Servi |       |       |       |       |     1 |       ||     1
Invok: Ancestor Life: Ba |       |       |     1 |       |       |       ||     1
       Recall Ancestor   |       |       |       |     1 |     3 |       ||     4
Evoke: Wand              |       |       |       |     1 |     8 |       ||     9
       Tin of tremorston |       |       |       |       |     1 |       ||     1
  Use: Scroll            |       |    11 |     9 |    16 |    24 |     1 ||    61
       Potion            |       |       |     4 |     4 |    12 |       ||    20
 Stab: Sleeping          |       |     2 |       |       |       |       ||     2
       Distracted        |       |       |       |     1 |     2 |     1 ||     4
Armor: Robe              |     3 |     5 |     6 |       |       |       ||    14
       Steam dragon scal |       |       |    14 |    85 |   191 |     9 ||   299
Dodge: Dodged            |    10 |    17 |    64 |   164 |   346 |    25 ||   626
Block: Other             |     2 |     2 |    20 |    39 |    68 |     5 ||   136
